 Dungeon Crawl Stone Soup version 0.30-a0-359-gd0147acb1a (webtiles) character file.

Game seed: 14139007591488469526

79 oldriver the Magician (level 4, -7/33 HPs)
             Began as a Mummy Necromancer on Nov 13, 2022.
             Was an Initiate of Hepliaklqana.
             Killed by divine providence
             ... invoked by an orc priest
              (15 damage)
             ... on level 4 of the Dungeon.
             The game lasted 00:03:33 (3050 turns).

oldriver the Magician (Mummy Necromancer)           Turns: 3050, Time: 00:03:34

Health: -7/33      AC:  2    Str: 11    XL:     4   Next: 16%
Magic:  2/10       EV: 12    Int: 16    God:    Hepliaklqana [......]
Gold:   172        SH:  0    Dex: 12    Spells: 10/11 levels left

rFire   . . .      SeeInvis .    (no weapon)
rCold   + + .      Faith    +    (no shield)
rNeg    + + +      Spirit   .    a - +0 robe
rPois   ∞          Reflect  .    (no helmet)
rElec   .          Harm     .    (no cloak)
rCorr   .          Rampage  .    (no gloves)
Will    .....                    (no boots)
Stlth   ++........               (no amulet)
HPRegen 0.25/turn                c - ring of protection from fire
MPRegen 0.12/turn                h - ring of protection from cold

@: no status effects
A: cold resistance 1, negative energy resistance 3, torment resistance 2, heat
vulnerability 1, in touch with death 1, no potions, faith
a: Renounce Religion


You were on level 4 of the Dungeon.
You worshipped Hepliaklqana.
Hepliaklqana was noncommittal.
You visited 1 branch of the dungeon, and saw 4 of its levels.

You collected 172 gold pieces.

Inventory:

Armour
 a - a +0 robe (worn)
Jewellery
 c - a ring of protection from fire (left hand)
 h - a ring of protection from cold (right hand)
 j - the ring "Rewiy" {rF+ Int+7}
   (You found it on level 3 of the Dungeon)

   [ring of protection from fire]

   Int:       It affects your intelligence (+7).
   rF:        It protects you from fire.
Scrolls
 b - a scroll of fog
 d - a scroll of magic mapping
 e - 2 scrolls of amnesia {unknown}
 f - 4 scrolls of identify {unknown}
 g - a scroll of enchant armour {unknown}
 i - 2 scrolls of immolation {unknown}


   Skills:
 + Level 1.7 Fighting
 - Level 1.5 Dodging
 - Level 1.5 Stealth
 * Level 4.4 Spellcasting
 + Level 4.4 Necromancy


You had 10 spell levels left.
You knew the following spells:

 Your Spells              Type           Power      Damage    Failure   Level
a - Necrotise             Necr           100%       1d9       2%          1

Your spell library contained the following spells:

 Spells                   Type           Power      Damage    Failure   Level
 Vampiric Draining        Necr           26%        2d7       8%          3
 Animate Dead             Necr           26%        N/A       26%         4
 Agony                    Necr           26%        N/A       58%         5


Dungeon Overview and Level Annotations

Branches:
Dungeon (4/15)
 Temple: D:4-7

Altars:
Hepliaklqana
Nemelex Xobeh
Okawaru


Innate Abilities, Weirdness & Mutations

You are immune to poison.
Your flesh is cold resistant. (rC+)
You are immune to negative energy. (rN+++)
You are immune to unholy pain and torment.
You are vulnerable to heat. (rF-)
You are in touch with the powers of death.
You do not drink.
You have a special connection with the divine. (Faith)


Message History

You feel a surge of power!
The orc writhes in agony.
You feel a surge of power!
The orc writhes in agony!
You kill the orc!
The dead are walking!
You can't see any susceptible monsters within range! (Use Z to cast anyway.)
You can't see any susceptible monsters within range! (Use Z to cast anyway.)
You can't see any susceptible monsters within range! (Use Z to cast anyway.)
An orc priest comes into view. It is wielding a +0 hand axe.
An orc priest is nearby!
An orc priest is nearby!
An orc priest is nearby!
You see here a +0 club.
You can't see any susceptible monsters within range! (Use Z to cast anyway.)
You can't see any susceptible monsters within range! (Use Z to cast anyway.)
You swap places.
The orc priest miscasts a cantrip.
You see here a +0 dagger.
You feel a surge of power!
The orc priest writhes in agony.
The orc priest hits you with a +0 hand axe.
You feel a surge of power!
The orc priest barely resists.
The orc priest hits you with a +0 hand axe.
You feel a surge of power!
The orc priest writhes in agony!
The orc priest invokes the aid of Beogh against you.
Beogh smites you!
* * * LOW HITPOINT WARNING * * *
You are too injured to fight recklessly!
You are too injured to fight recklessly!
The orc priest attacks as you move away!
The orc priest closely misses you.
The orc priest hits something with a +0 hand axe.
Casting: Necrotise (safe; 2% risk of failure)
Confirm with . or Enter, or press ? or * to list all spells.
Aiming: Necrotise (safe; 2% risk of failure)
Press: ? - help, Shift-Dir - straight line, f/p - orc priest
Aim: an orc priest, wielding a +0 hand axe and wearing a +0 ring mail (severely wounded, chance to affect: 83%)
You feel a surge of power!
The orc priest writhes in agony.
Something hits your orc skeleton.
The orc priest mumbles some strange prayers to Beogh against you.
Beogh smites you!
You die...

.#.#..# .#.#.#.# #.# .#
#.#.#.. #.#.#.#.#.##
#.# #
.#.#.#.#.#.#!#.#.#.#
#.# #.#.#...#.#.#.#.#.#
#.# #.#.....#.#.#.#.#.
#.#
#..._(..#.#.#.#.####.#
+.._8_.#.#.#.#.#...<.#
#..._...#.#.#.#.###.##
...#...)Z#.#@#.#.>.##.#
. #.#.#.#.#o#.#.#.###.#
# ##.#.#Z#)#.#.#.##.#
##.#.#.#.#.#.###.#
#.#.#.#{#.#.#.##.#
##.#.#.#.#.#.###.#
#.#.#.#.#.#.#.#
##.#.#.#.#.#.## #.#.#
#o#.#.#


You could see an orc priest (ally target) and a friendly orc skeleton.

Vanquished Creatures
  An orc wizard (D:4)
  An adder (D:3)
  2 orcs
  3 bats (D:1)
  5 endoplasms
  5 goblins
  5 hobgoblins
  7 kobolds
  3 ball pythons
  3 frilled lizards
  2 rats
37 creatures vanquished.

Vanquished Creatures (collateral kills)
  A hobgoblin (D:3)
  A ball python (D:1)
  2 rats (D:1)
4 creatures vanquished.

Grand Total: 41 creatures vanquished

Notes
Turn   | Place    | Note
-------+----------+-------------------------------------------
     0 | D:1      | oldriver the Mummy Necromancer began the quest for the Orb.
     0 | D:1      | Reached XP level 1. HP: 13/13 MP: 4/4
   395 | D:1      | Reached XP level 2. HP: 20/20 MP: 1/6
   834 | D:1      | Reached skill level 1 in Fighting
  1417 | D:2      | Found a faded altar of an unknown god.
  1585 | D:2      | Gained mutation: You are in touch with the powers of death.
                  | [Mummy growth]
  1585 | D:2      | Reached XP level 3. HP: 26/26 MP: 4/8
  2511 | D:3      | Identified the ring "Rewiy" {rF+ Int+7}
  3007 | D:4      | Found a hazy altar of Hepliaklqana.
  3008 | D:4      | Found an iron altar of Okawaru.
  3008 | D:4      | Found a sparkling altar of Nemelex Xobeh.
  3033 | D:4      | Reached XP level 4. HP: 25/33 MP: 6/10
  3033 | D:4      | Became a worshipper of Hepliaklqana the Forgotten
  3050 | D:4      | Killed from afar by an orc priest

Illustrated notes

Levels and vault maps discovered:
D:1:      minmay_arrival_widening_spiral_narrow, layout_rooms
D:2:      layout_basic, shapermc_ecumenical_altar_pompeii
D:3:      layout_basic
D:4:      layout_basic, chequers_temple_overflow_statue_of_worship, zin_angel,
          grunt_decor_mini_mirrors, uniq_menkaure

Skill      XL: |  1  2  3 |
---------------+----------+-----
Spellcasting   | 3 4 |  4.4
Fighting       | 1 |  1.7
Dodging        | |  1.5
Stealth        | |  1.5
Necromancy     | |  4.4

Action                   |  1- 3 |  4- 6 || total
-------------------------+-------+-------++-------
Melee: Unarmed           |     4 |       ||     4
 Cast: Necrotise         |    73 |     6 ||    79
  Use: Scroll            |     2 |       ||     2
Armor: Robe              |     6 |       ||     6
Dodge: Dodged            |     8 |     1 ||     9

Table legend: (Time is in decaauts)
 A = Elapsed time spent in this place.
 B = Non-inter-level travel time spent in this place.
 C = Inter-level travel time spent in this place.
 D = Time resting spent in this place.
 E = Time spent auto-exploring this place.
 F = Levels seen in this place.
 G = Mean time per level.
                   A        B        C        D        E       F      G
               +--------+--------+--------+--------+--------+-----+--------+
         Total |   3048 |   2974 |     74 |      0 |   2691 |   4 |  762.0 |
       Dungeon |   3048 |   2974 |     74 |      0 |   2691 |   4 |  762.0 |
               +--------+--------+--------+--------+--------+-----+--------+

Top non-repeatable levels by time:
     D:1: 1025 daAuts
     D:3: 1008 daAuts
     D:2: 866 daAuts
     D:4: 147 daAuts
